AoeStats
← Joey-Noob-NL

African Clearing

503791001Analyzed
2v2 RM · 29d ago on Sep 2, 2026· 33m 57s· 4 players
Game mode
Random Map
Map size
Medium (4 player)
Population
200
Speed
Normal
Resources
Standard
Victory
Conquest
Starting age
Dark Age
Ending age
Imperial Age
RankedLock teamsTeams togetherTeam positionsShared explorationLock speedFull tech treeHidden civsTurbo modeCheats
Victory
Defeat
🇳🇱 Khitans · Netherlands
1388
+14
🇧🇪 Wei · Belgium
1319
+17
🇦🇺 Mongols · Australia
1368
-17
🇮🇳 Mongols · India
1320
-14
Palmari
7:20 Loom
12:14 Feudal Age
14:21 Scale Barding Armor
14:27 Forging
23:42 Castle Age
22:41 Fletching
23:50 Padded Archer Armor
24:11 Bloodlines
24:13 Stone Mining
24:17 Gold Mining
24:28 Double-Bit Axe
26:45 Bodkin Arrow
28:08 Husbandry
29:52 Bow Saw
32:34 Wheelbarrow
32:22 Leather Archer Armor
32:28 Chain Barding Armor
34:34 Coinage
Joey-Noob-NL
3:54 Loom
13:22 Feudal Age
14:45 Double-Bit Axe
17:44 Forging
23:49 Castle Age
23:30 Scale Barding Armor
24:03 Light Cavalry
24:45 Husbandry
25:03 Bow Saw
25:58 Iron Casting
28:30 Chain Barding Armor
nizam.lko
13:51 Feudal Age
12:40 Loom
17:50 Castle Age
17:12 Fletching
24:56 Town Watch
27:16 Husbandry
28:09 Bloodlines
Cabbage
5:20 Loom
12:39 Feudal Age
13:17 Feudal Age
13:56 Double-Bit Axe
14:14 Town Watch
16:46 Forging
21:52 Castle Age
20:27 Gold Mining
Connection lost

Rejoining the realm…

Still unreachable

The connection could not be restored.

Session expired

The server has moved on; the page needs a fresh start.